 Dungeon Crawl Stone Soup version 0.30-a0-719-gcc4359ea44 (webtiles) character file.

Game seed: 12384806235131210358

428288 browni3141 the Magus (level 23, -13/131 HPs)
             Began as a Vine Stalker Fighter on Jan 26, 2023.
             Was an Elder of Nemelex Xobeh.
             Blown up by Boris (54 damage)
             ... with an orb of destruction
             ... on level 5 of the Vaults on Jan 27, 2023.
             The game lasted 02:06:23 (41442 turns).

browni3141 the Magus (Vine Stalker Fighter)        Turns: 41442, Time: 02:06:24

Health: -13/131    AC: 26    Str: 38    XL:     23   Next: 85%
Magic:  0/47       EV: 16    Int: 12    God:    Nemelex Xobeh [****..]
Gold:   1639       SH: 26    Dex: 12    Spells: 22/22 levels left

rFire   . . .      SeeInvis .    K - +5 demon whip (elec)
rCold   + + +      Faith    .    n - +6 tower shield {reflect}
rNeg    + + .      Spirit   +    S - +4 chain mail of the Untouchables {Int+4 Slay+5}
rPois   .          Reflect  +    O - +2 hat "Wibupo" {rElec Str+3}
rElec   +          Harm     .    N - +1 cloak of Starlight {*Dazzle EV+4 Stlth--}
rCorr   .          Rampage  .    W - +2 pair of gloves {infuse}
Will    +++..                    i - +0 pair of boots Stlth
                                 r - amulet of Vitality {RegenMP++ Regen++}
HPRegen 2.81/turn                I - ring "Nogiecro" {Wiz +Blink rC++ MP+9 Dex-3}
MPRegen 1.10/turn                a - ring "Kies" {rC++ rN++ Will+ Str+6}

@: studying 3 skills
A: fangs 3, regeneration 1, magic shield, antimagic bite, no potion heal 2
}: 2/15 runes: serpentine, barnacled
a: Renounce Religion, Evoke Blink, Draw Escape, Draw Destruction, Draw
Summoning, Draw Stack, Triple Draw, Deal Four


You were on level 5 of the Vaults.
You worshipped Nemelex Xobeh.
Nemelex Xobeh was greatly pleased with you.
You visited 8 branches of the dungeon, and saw 39 of its levels.

You collected 6709 gold pieces.
You spent 5070 gold pieces at shops.

Inventory:

Hand Weapons
 K - a +5 demon whip of electrocution (weapon)
Missiles
 f - 2 curare-tipped darts
 J - 39 poisoned darts (quivered)
 P - 9 boomerangs of dispersal
 R - 3 throwing nets
Armour
 i - a +0 pair of boots (worn)
 n - a +6 tower shield of reflection (worn)
 N - the +1 cloak of Starlight (worn) {*Dazzle EV+4 Stlth--}
   (You bought it in a shop on level 2 of the Elven Halls)

   *Dazzle:   It may blind those who miss an attack against the wearer in melee
   combat.
   EV:        It affects your evasion (+4).
   Stlth:     It makes you much less stealthy.
 O - the +2 hat "Wibupo" (worn) {rElec Str+3}
   (You acquired it on level 2 of the Lair of Beasts)

   Str:       It affects your strength (+3).
   rElec:     It insulates you from electricity.
 S - the +4 chain mail of the Untouchables (worn) {Int+4 Slay+5}
   (You found it on level 9 of the Dungeon)

   Int:       It affects your intelligence (+4).
   Slay:      It affects your accuracy & damage with ranged weapons and melee
   (+5).
 W - a +2 pair of gloves of infusion (worn)
Jewellery
 a - the ring "Kies" (right hand) {rC++ rN++ Will+ Str+6}
   (You bought it in a shop on level 2 of the Elven Halls)

   [ring of strength]

   Str:       It affects your strength (+6).
   rC:        It greatly protects you from cold.
   rN:        It greatly protects you from negative energy.
   Will:      It increases your willpower.
 p - the ring of Lyehue {Wiz Drain +Blink rF+++ Stlth+}
   (You found it on level 2 of the Vaults)

   [ring of wizardry]

   It improves your spell success rate.
   rF:        It renders you almost immune to fire.
   +Blink:    It lets you blink.
   Drain:     It drains your maximum health when unequipped.
   Stlth:     It makes you more stealthy.
 r - the amulet of Vitality (around neck) {RegenMP++ Regen++}
   (You took it off a deep elf annihilator on level 3 of the Elven Halls)

   [amulet of magic regeneration]

   It increases your rate of magic regeneration.
   Regen:     It increases your rate of health regeneration.
 C - the ring "Beoffe" {rN++ rCorr Int+3 Stlth+}
   (You found it on level 4 of the Lair of Beasts)

   [ring of resist corrosion]

   Int:       It affects your intelligence (+3).
   rN:        It greatly protects you from negative energy.
   rCorr:     It protects you from acid and corrosion.
   Stlth:     It makes you more stealthy.
 I - the ring "Nogiecro" (left hand) {Wiz +Blink rC++ MP+9 Dex-3}
   (You bought it in a shop on level 4 of the Snake Pit)

   [ring of wizardry]

   It improves your spell success rate.
   Dex:       It affects your dexterity (-3).
   rC:        It greatly protects you from cold.
   MP:        It affects your magic capacity (+9).
   +Blink:    It lets you blink.
Wands
 o - a wand of digging (11)
 E - a wand of paralysis (40)
 F - a wand of light (20)
 H - a wand of roots (22)
 T - a wand of polymorph (6)
 Z - a wand of mindburst (12)
Scrolls
 d - 5 scrolls of fear
 e - a scroll of brand weapon
 g - 6 scrolls of poison
 h - 5 scrolls of summoning
 l - 2 scrolls of silence
 m - a scroll of blinking
 q - 27 scrolls of teleportation
 t - 11 scrolls of identify
 x - 8 scrolls of immolation
 y - 3 scrolls of amnesia
 G - 13 scrolls of magic mapping
 L - a scroll of torment
 M - 10 scrolls of fog
 U - 7 scrolls of vulnerability
Potions
 b - a potion of ambrosia
 c - 7 potions of might
 j - 8 potions of flight
 k - 14 potions of curing
 s - 4 potions of berserk rage
 u - 12 potions of haste
 v - 5 potions of invisibility
 w - 5 potions of brilliance
 z - 6 potions of attraction
 A - 4 potions of lignification
 B - 4 potions of cancellation
 D - 6 potions of mutation
 Q - 3 potions of resistance
 V - 6 potions of magic
Miscellaneous
 X - a phantom mirror
 Y - a condenser vane (inert)


   Skills:
 + Level 17.4 Fighting
 - Level 12.0 Maces & Flails
 + Level 13.3 Armour
 * Level 9.8 Dodging
 - Level 4.0 Stealth
 * Level 18.8 Shields
 - Level 2.8 Unarmed Combat
 * Level 20.8 Invocations
 - Level 6.0 Evocations


You had 22 spell levels left.
You didn't know any spells.
Your spell library contained the following spells:

 Spells                   Type           Power      Damage    Failure   Level
 Apportation              Tloc           0%         N/A       61%         1
 Beastly Appendage        Tmut           0%         N/A       61%         1
 Foxfire                  Conj/Fire      0%         2x1d4     61%         1
 Necrotise                Necr           0%         1d4       61%         1
 Shock                    Conj/Air       0%         1d3       61%         1
 Slow                     Hex            0%         N/A       61%         1
 Sting                    Tmut/Pois      0%         1d3       61%         1
 Summon Small Mammal      Summ           0%         N/A       61%         1
 Ensorcelled Hibernation  Hex/Ice        0%         N/A       75%         2
 Lesser Beckoning         Tloc           0%         N/A       75%         2
 Passwall                 Tmut/Erth      0%         N/A       75%         2
 Scorch                   Fire           0%         2d5       75%         2
 Sublimation of Blood     Necr           0%         N/A       75%         2
 Wereblood                Tmut           0%         N/A       75%         2
 Confusing Touch          Hex            0%         N/A       92%         3
 Dazzling Flash           Conj/Hex       0%         N/A       92%         3
 Gell's Gravitas          Tloc           0%         N/A       92%         3
 Hailstorm                Conj/Ice       0%         3d3       92%         3
 Ozocubu's Armour         Ice            0%         N/A       92%         3
 Portal Projectile        Hex/Tloc       0%         N/A       92%         3
 Spider Form              Tmut/Pois      0%         N/A       92%         3
 Swiftness                Air            0%         N/A       92%         3
 Teleport Other           Tloc           0%         N/A       92%         3
 Tukima's Dance           Hex            0%         N/A       92%         3
 Vampiric Draining        Necr           0%         2d6       92%         3
 Vhi's Electric Charge    Tloc/Air       0%         N/A       92%         3
 Airstrike                Air            0%         2d(0-16)  100%        4
 Animate Armour           Summ/Erth      0%         N/A       100%        4
 Cause Fear               Hex            0%         N/A       100%        4
 Flame Wave               Conj/Fire      0%         2d4       100%        4
 Ice Form                 Ice/Tmut       0%         N/A       100%        4
 Manifold Assault         Tloc           0%         N/A       100%        4
 Olgreb's Toxic Radiance  Pois           0%         N/A       100%        4
 Passage of Golubria      Tloc           0%         N/A       100%        4
 Petrify                  Tmut/Erth      0%         N/A       100%        4
 Summon Lightning Spire   Summ/Air       0%         N/A       100%        4
 Agony                    Necr           0%         N/A       100%        5
 Alistair's Intoxication  Tmut/Pois      0%         N/A       100%        5
 Arcjolt                  Conj/Air       0%         1d10      100%        5
 Blade Hands              Tmut           0%         N/A       100%        5
 Fireball                 Conj/Fire      0%         3d3       100%        5
 Irradiate                Conj/Tmut      0%         3d11      100%        5
 Lightning Bolt           Conj/Air       0%         1d11      100%        5
 Metabolic Englaciation   Hex/Ice        0%         N/A       100%        5
 Silence                  Hex/Air        0%         N/A       100%        5
 Yara's Violent Unravell  Hex/Tmut       0%         3d3       100%        5
 Conjure Ball Lightning   Conj/Air       0%         3x3d6     100%        6
 Dispersal                Tloc           0%         N/A       100%        6
 Simulacrum               Ice/Necr       0%         N/A       100%        6
 Starburst                Conj/Fire      0%         6d3       100%        6
 Statue Form              Tmut/Erth      0%         N/A       100%        6
 Summon Cactus Giant      Summ           0%         N/A       100%        6
 Dragon Form              Tmut           0%         N/A       100%        7
 Enfeeble                 Hex            0%         N/A       100%        7
 Ozocubu's Refrigeration  Ice            0%         4d7       100%        7
 Storm Form               Tmut/Air       0%         N/A       100%        7
 Summon Hydra             Summ           0%         N/A       100%        7
 Disjunction              Tloc           0%         N/A       100%        8
 Ignition                 Fire           0%         3d3       100%        8
 Maxwell's Capacitive Co  Air            0%         ∞         100%        8
 Necromutation            Tmut/Necr      0%         N/A       100%        8
 Chain Lightning          Conj/Air       0%         N/A       100%        9
 Dragon's Call            Summ           0%         N/A       100%        9


Dungeon Overview and Level Annotations

Branches:
Dungeon (15/15)            Temple (1/1) D:7            Lair (5/5) D:8
 Shoals (4/4) Lair:2        Snake (4/4) Lair:3        Slime (0/5) Lair:5
    Orc (2/2) D:9             Elf (3/3) Orc:2        Vaults (5/5) D:13
  Crypt (0/3) Vaults:2     Depths (0/4) D:15

Altars:
Ashenzari
Cheibriados
Dithmenos
Elyvilon
Fedhas
Gozag
Hepliaklqana
Kikubaaqudgha
Makhleb
Nemelex Xobeh
Okawaru
Qazlal
Ru
Sif Muna
Trog
Uskayaw
Vehumet
Wu Jian
Xom
Yredelemnul
Zin
The Shining One

Shops:
Orc:2 :(!=   Elf:1 *::!   Elf:2 *=**   Elf:3 (   Snake:3 =   Snake:4 =:=
Vaults:1 [   Vaults:2 ?

Portals:
Trove: Vaults:1 (give 2 scrolls of acquirement)

Annotations:
D:12 1 runed translucent door, Welicosh's ghost, novice GrAE
Lair:4 3 runed translucent doors, soul19's ghost, journeyman TrFi
Elf:3 exclusion: door
Vaults:5 Boris


Innate Abilities, Weirdness & Mutations

You have razor-sharp teeth.
Your natural rate of healing is unusually fast.
When hurt, damage is shared between your health and your magic reserves.
Your bite disrupts and absorbs the magic of your enemies.
Potions cannot restore your health.


Message History

The tengu reaver closely misses you.
You catch the helpless tengu reaver completely off-guard!
You thrash the tengu reaver!! You bite the tengu reaver.
You kill the tengu reaver!
The yaktaur captain is engulfed in freezing vapours.
The yaktaur captain wields a +0 arbalest.
The yaktaur captain shoots a bolt.
The stone giant is engulfed in freezing vapours.
The tentacled monstrosity is engulfed in freezing vapours.
You block the tentacled monstrosity's attack. x2
The tentacled monstrosity tentacle-slaps you!
* * * LOW HITPOINT WARNING * * *
The tentacled monstrosity constricts you.
* * * LOW HITPOINT WARNING * * *
The vault warden activates a sealing rune.
Something conjures a glowing orb.
The stone giant throws a large rock.
You reflect the large rock off your +6 tower shield of reflection!
The large rock hits the stone giant!
The ettin is engulfed in freezing vapours.
An orb of destruction comes into view.
Unknown command.
Press: ? - help, v - describe, . - travel, g - get item
Here: an orb of destruction (blue smoke)
Items here: $ )) [[[ †.
The floor, spattered with blood.
Unknown command.
Unknown command.
Blink to where?
Press: ? - help, Dir - move target You escape the tentacled monstrosity's grasp.
Found 40 gold pieces.
As you read the scroll of blinking, it crumbles to dust.
The vault warden activates a sealing rune.
The stone giant throws a large rock.
You reflect the large rock off your +6 tower shield of reflection!
The large rock hits the stone giant!
The orb of destruction hits you!!!!
You die...
Your body glows slightly and disappears.

........
.......
#.....
#....#
#....#
#.$..#
#....#
#.@..#
#.○..#
#.○..#
#.○..#
#○...#
#○...#
#○...#
#○)C.#
#○{p.#


You could see a stone giant.

Vanquished Creatures
  A dread lich (Vaults:5)
  Mara (Shoals:4)
  A juggernaut (Vaults:5)
  A tentacled monstrosity (Vaults:5)
  2 deep elf blademasters (Elf:3)
  A quicksilver dragon (Vaults:1)
  An ancient champion (Vaults:2)
  2 sphinxes
  3 storm dragons
  A kraken (Shoals:2)
  A tengu reaver (Vaults:5)
  8 nagarajas
  9 vault wardens
  A curse skull (Vaults:2)
  8 deep elf sorcerers (Elf:3)
  A ghost moth (Vaults:1)
  2 orc warlords (Vaults:3)
  6 deep elf elementalists (Elf:3)
  16 ironbound preservers
  2 stone giants
  A war gargoyle (Vaults:2)
  7 ironbound thunderhulks
  12 very ugly things
  6 deep elf demonologists
  8 deep elf annihilators (Elf:3)
  The ghost of Fonana the Spry, a journeyman DgHu (Shoals:1)
  4 dire elephants
  9 merfolk impalers
  10 deep elf death magi
  5 merfolk javelineers
  6 yaktaur captains
  An ettin (Vaults:5)
  5 great orbs of eyes
  5 deep elf high priests
  An entropy weaver (shapeshifter) (D:14)
  A jiangshi (Vaults:2)
  3 entropy weavers (Vaults:2)
  5 salamander tyrants
  4 ogre magi
  A hydra (Lair:5)
  11 vault guards
  An ice dragon (Lair:2)
  7 two-headed ogres
  A catoblepas (Elf:3)
  4 centaur warriors
  Erica (D:11)
  10 anacondas
  6 ironbound frosthearts
  An alligator snapping turtle (Shoals:4)
  3 boulder beetles
  6 merfolk aquamancers (Shoals:4)
  10 naga warriors
  A radroach (Lair:4)
  8 merfolk avatars
  A satyr (Shoals:3)
  27 dancing weapons
  4 death yaks (Lair:5)
  14 naga sharpshooters
  5 tengu warriors
  5 shock serpents
  17 deep elf knights
  A soul eater (Vaults:2)
  3 salamander mystics
  A shadow wraith (Shoals:3)
  11 sea snakes
  39 deep trolls
  2 naga ritualists
  A kraken simulacrum (Shoals:4)
  A death drake (Snake:3)
  12 ironbound convokers
  7 wizards
  13 deep elf archers
  An orange crystal statue (Vaults:3)
  4 phantasmal warriors
  12 harpies
  9 orc knights
  34 deep elf pyromancers
  11 mana vipers
  10 lindwurms
  29 deep elf zephyrmancers
  3 cyclopes
  4 oklob plants
  5 orc sorcerers (Orc:2)
  12 salamanders
  A moth of wrath (Vaults:5)
  24 ugly things
  17 manticores
  2 guardian serpents (Snake:4)
  8 elephants
  A guardian serpent (shapeshifter) (D:13)
  7 water nymphs
  9 merfolk sirens
  An eye of devastation (Vaults:1)
  18 vault sentinels
  30 black mambas
  12 cane toads
  A spectral sea snake (Shoals:1)
  14 naga magi
  7 komodo dragons
  6 rime drakes
  A freezing wraith (D:14)
  19 yaktaurs
  36 merfolk
  A meliai (Snake:2)
  3 polar bears (Lair:5)
  16 trolls
  7 wind drakes
  8 blink frogs
  8 hornets
  A raiju (Snake:2)
  3 dream sheep (Shoals:2)
  15 snapping turtles
  A spectral manticore (Shoals:1)
  A culicivora (shapeshifter) (Elf:1)
  An air elemental (Elf:2)
  A shapeshifter (Snake:4)
  20 slime creatures
  A spriggan (Vaults:5)
  2 vampires
  A culicivora (Vaults:1)
  3 shadows
  2 wraiths
  5 wyverns
  27 yaks
  8 water elementals
  5 basilisks
  A golden eye (Vaults:5)
  A golden eye (shapeshifter) (D:14)
  7 steam dragons
  6 vampire mosquitoes
  3 fire bats (Vaults:5)
  2 hogs
  4 redbacks
  A sea snake simulacrum (Shoals:1)
  2 fire elementals
  39 nagas
  4 wargs
  2 acid dragons (D:11)
  A spectral snapping turtle (Shoals:1)
  21 water moccasins
  A floating eye (Vaults:5)
  18 orc warriors
  A sky beast (D:8)
  2 ice beasts
  6 black bears
  6 ogres
  7 boggarts
  3 wolves
  4 centaurs
  A wind drake simulacrum (Shoals:1)
  A phantom (D:5)
  6 kobold brigands
  12 bullfrogs
  3 gnoll sergeants
  A scorpion (D:6)
  A merfolk simulacrum (Shoals:1)
  4 earth elementals
  6 wights
  A hornet simulacrum (D:15)
  15 killer bees
  2 snapping turtle simulacra (Shoals:1)
  5 electric eels
  2 lava snakes (Lair:2)
  9 hounds
  3 jellies
  A gnoll bouda (D:4)
  6 orc priests
  18 hell rats
  25 orc wizards
  5 adders
  22 gnolls
  A shadow imp (D:8)
  2 ufetubi
  2 dart slugs
  94 orcs
  11 ball pythons
  5 bats
  9 endoplasms
  6 giant cockroaches
  4 goblins
  3 hobgoblins (D:1)
  3 jackals (D:3)
  26 kobolds
  3 quokkas
  11 frilled lizards
  2 rats (D:1)
  3 tentacles (Shoals:2)
1361 creatures vanquished.

Vanquished Creatures (collateral kills)
  Saint Roka (Snake:4)
  A golden dragon (Vaults:5)
  A tentacled monstrosity (Vaults:5)
  A tengu reaver (Vaults:5)
  Kirke (Snake:4)
  Ilsuiw (Shoals:3)
  2 vault wardens (Vaults:5)
  A dire elephant (Vaults:1)
  A merfolk impaler (Shoals:4)
  3 merfolk javelineers
  Erolcha (Orc:2)
  An ironbound frostheart (Vaults:1)
  2 two-headed ogres (D:12)
  2 death yaks
  A deep troll earth mage (Vaults:5)
  A naga sharpshooter (Snake:3)
  A shock serpent (Snake:3)
  Nergalle (Orc:2)
  A glowing orange brain (shapeshifter) (Vaults:5)
  A sea snake (Shoals:2)
  A harpy (Shoals:4)
  A spectral merfolk (Shoals:1)
  A mana viper (Snake:3)
  A merfolk siren (Shoals:4)
  3 black mambas
  A torpor snail (Lair:4)
  3 naga magi (Snake:4)
  A komodo dragon (Lair:5)
  4 merfolk
  A troll (Vaults:5)
  4 blink frogs
  3 polar bears
  A wind drake (Shoals:4)
  A raiju (Snake:2)
  7 dream sheep (Lair:3)
  2 wyverns (Vaults:5)
  A spriggan (Vaults:5)
  A fire bat (Vaults:5)
  A yak (Lair:4)
  A steam dragon (Lair:4)
  2 nagas (Snake:4)
  A water moccasin (Vaults:5)
  2 ice beasts (Vaults:5)
  An ogre (D:12)
  2 black bears
  A boggart (Vaults:1)
  2 bullfrogs (Lair:4)
  A howler monkey (Vaults:5)
  A hell rat (Lair:5)
  10 orc wizards (Orc:2)
  A river rat (Vaults:5)
  4 orcs
92 creatures vanquished.

Vanquished Creatures (others)
  A nagaraja (Snake:2)
  A vault warden (Vaults:5)
  A deep troll (Vaults:5)
  2 deep elf zephyrmancers
  4 humans (Snake:4)
  A water elemental (Elf:1)
  A naga (Snake:4)
  A wolf (D:7)
  A centaur (Vaults:5)
  An orc (Orc:2)
  10 fungi
  113 plants
  16 tentacles
153 creatures vanquished.

Grand Total: 1606 creatures vanquished

Notes
Turn   | Place    | Note
-------+----------+-------------------------------------------
     0 | D:1      | browni3141 the Vine Stalker Fighter began the quest for the
                  | Orb.
     0 | D:1      | Reached XP level 1. HP: 11/11 MP: 2/2
    42 | D:1      | Reached skill level 1 in Stealth
    84 | D:1      | Reached XP level 2. HP: 12/16 MP: 3/3
   500 | D:1      | Reached XP level 3. HP: 19/19 MP: 4/4
  1586 | D:3      | Gained mutation: Your natural rate of healing is unusually
                  | fast. [Vine Stalker growth]
  1586 | D:3      | Reached XP level 4. HP: 24/24 MP: 5/5
  1749 | D:3      | Reached XP level 5. HP: 25/28 MP: 3/6
  2256 | D:3      | Found a faded altar of an unknown god.
  2520 | D:4      | Noticed a black bear
  2528 | D:4      | Killed a black bear
  2529 | D:4      | Reached skill level 1 in Maces & Flails
  2529 | D:4      | Reached XP level 6. HP: 32/32 MP: 7/7
  3536 | D:4      | Reached XP level 7. HP: 37/37 MP: 8/8
  3662 | D:5      | Entered Level 5 of the Dungeon
  4383 | D:6      | Gained mutation: You have razor-sharp teeth. [Vine Stalker
                  | growth]
  4383 | D:6      | Reached XP level 8. HP: 42/42 MP: 9/9
  5047 | D:6      | Reached skill level 5 in Fighting
  5504 | D:7      | Reached skill level 5 in Shields
  5838 | D:7      | Reached skill level 5 in Armour
  5974 | D:7      | Reached XP level 9. HP: 21/47 MP: 5/10
  6034 | D:7      | Found a staircase to the Ecumenical Temple.
  6120 | D:7      | Found a glowing silver altar of Zin.
  6120 | D:7      | Found a stormy altar of Qazlal.
  6367 | Temple   | Entered the Ecumenical Temple
  6374 | Temple   | Became a worshipper of Nemelex Xobeh the Trickster
  6546 | D:8      | Noticed a hornet
  6551 | D:8      | Killed a hornet
  6552 | D:8      | Reached skill level 5 in Maces & Flails
  6552 | D:8      | Reached skill level 1 in Invocations
  6648 | D:8      | Noticed a hornet
  6707 | D:8      | Killed a hornet
  6708 | D:8      | Reached skill level 2 in Invocations
  6800 | D:8      | Reached skill level 3 in Invocations
  6834 | D:8      | Noticed a troll
  7094 | D:8      | Found a white marble altar of Elyvilon.
  7162 | D:8      | Reached XP level 10. HP: 49/53 MP: 13/13
  7163 | D:8      | Reached skill level 4 in Invocations
  7259 | D:8      | Found a staircase to the Lair.
  7458 | D:9      | Reached skill level 5 in Invocations
  7490 | D:9      | Reached skill level 1 in Evocations
  7509 | D:9      | Identified the +4 chain mail of the Untouchables {Int+4
                  | Slay+5}
  7609 | D:9      | Found a staircase to the Orcish Mines.
  7712 | D:9      | Reached * piety under Nemelex Xobeh
  8160 | Lair:1   | Entered Level 1 of the Lair of Beasts
  8163 | Lair:1   | Received a gift from Nemelex Xobeh
  8442 | Lair:1   | Reached ** piety under Nemelex Xobeh
  8508 | Lair:1   | Received a gift from Nemelex Xobeh
  9081 | Lair:1   | Noticed an oklob plant
  9506 | Lair:2   | Received a gift from Nemelex Xobeh
  9550 | Lair:2   | Reached skill level 6 in Invocations
  9557 | Lair:2   | Noticed a black mamba
  9566 | Lair:2   | Killed a black mamba
  9567 | Lair:2   | Reached XP level 11. HP: 54/58 MP: 16/16
  9617 | Lair:2   | Reached *** piety under Nemelex Xobeh
  9716 | Lair:2   | Found the +2 ratskin cloak {*Rats rPois rN+ Str-1 Int-1
                  | Dex+1}
  9886 | Lair:2   | Received a gift from Nemelex Xobeh
  9931 | Lair:2   | Noticed an eight-headed hydra
  9932 | Lair:2   | an eight-headed hydra changed into an ice dragon
  9932 | Lair:2   | Noticed an ice dragon
  9933 | Lair:2   | Killed an ice dragon
 10154 | Lair:2   | Found a staircase to the Shoals.
 10236 | Lair:2   | You fall into a shaft and drop 2 floors!
 10269 | Lair:4   | Reached skill level 7 in Invocations
 10411 | Lair:3   | Received a gift from Nemelex Xobeh
 10497 | Lair:3   | Found a staircase to the Snake Pit.
 10568 | Lair:3   | Reached skill level 5 in Evocations
 10706 | Lair:3   | Reached XP level 12. HP: 63/63 MP: 18/18
 10747 | Lair:3   | Reached skill level 8 in Invocations
 11032 | Lair:3   | Reached **** piety under Nemelex Xobeh
 11304 | Lair:4   | Received a gift from Nemelex Xobeh
 11335 | Lair:4   | Identified the ring "Beoffe" {rN++ rCorr Int+3 Stlth+}
 11375 | Lair:4   | Reached skill level 9 in Invocations
 11394 | Lair:4   | Noticed a death yak
 11400 | Lair:4   | Killed a death yak
 11545 | Lair:4   | Found a runed translucent gate.
 11545 | Lair:4   | Found a runed translucent gate.
 11546 | Lair:4   | Found a runed translucent gate.
 11570 | Lair:4   | Noticed soul19's ghost (journeyman TrFi)
 11735 | Lair:4   | Received a gift from Nemelex Xobeh
 11805 | Lair:4   | Noticed an alligator
 11805 | Lair:4   | Noticed an alligator
 11806 | Lair:4   | Noticed a dire elephant
 11810 | Lair:4   | an alligator changed into a radroach
 11810 | Lair:4   | Noticed a radroach
 11810 | Lair:4   | an alligator changed into a merfolk
 11818 | Lair:4   | Killed a radroach
 11833 | Lair:4   | Killed a dire elephant
 12192 | Lair:5   | Entered Level 5 of the Lair of Beasts
 12200 | Lair:5   | Reached skill level 10 in Maces & Flails
 12200 | Lair:5   | Reached skill level 10 in Invocations
 12210 | Lair:5   | Reached XP level 13. HP: 47/69 MP: 21/21
 12467 | Lair:5   | Identified the -2 hand axe of Iconoclasm {flame, rC- Str+4}
 12676 | Lair:5   | Reached skill level 10 in Fighting
 12763 | Lair:5   | Received a gift from Nemelex Xobeh
 12942 | Lair:5   | Reached XP level 14. HP: 76/79 MP: 22/22
 13195 | Lair:5   | Identified the +3 trident of Upheaval {flame, Drain rC+
                  | Dex+4}
 13490 | Lair:5   | Found a staircase to the Slime Pits.
 13930 | Orc:1    | Entered Level 1 of the Orcish Mines
 14117 | Orc:2    | Entered Level 2 of the Orcish Mines
 14200 | Orc:2    | Found a staircase to the Elven Halls.
 14304 | Orc:2    | Received a gift from Nemelex Xobeh
 14408 | Orc:2    | Found Nyppicum's Book Shop.
 14445 | Orc:2    | Found an ancient bone altar of Kikubaaqudgha.
 14445 | Orc:2    | Noticed Nergalle
 14458 | Orc:2    | Killed Nergalle
 14469 | Orc:2    | Found Yczy Xemm's Antique Weapon Boutique.
 14484 | Orc:2    | Noticed Erolcha
 14496 | Orc:2    | Killed Erolcha
 14498 | Orc:2    | Found a radiant altar of Vehumet.
 14527 | Orc:2    | Found Hos Biga's Jewellery Shop.
 14540 | Orc:2    | Found Wiuffual's Distillery.
 15078 | Orc:1    | Reached ***** piety under Nemelex Xobeh
 15273 | Orc:1    | Received a gift from Nemelex Xobeh
 15470 | Orc:2    | Bought a potion of curing for 33 gold pieces
 15470 | Orc:2    | Bought a potion of berserk rage for 55 gold pieces
 15470 | Orc:2    | Bought a potion of magic for 88 gold pieces
 15470 | Orc:2    | Bought a potion of degeneration for 11 gold pieces
 15470 | Orc:2    | Bought a potion of attraction for 33 gold pieces
 15470 | Orc:2    | Bought a potion of might for 44 gold pieces
 15648 | D:10     | Entered Level 10 of the Dungeon
 15946 | D:10     | Found a hazy altar of Hepliaklqana.
 16082 | D:10     | Found an ornate altar of the Wu Jian Council.
 16457 | D:11     | Reached skill level 11 in Invocations
 16457 | D:11     | Received a gift from Nemelex Xobeh
 16713 | D:11     | Noticed Erica
 16721 | D:11     | Killed Erica
 17656 | D:12     | Received a gift from Nemelex Xobeh
 17750 | D:12     | Found a runed translucent door.
 17755 | D:12     | Noticed Welicosh's ghost (novice GrAE)
 18118 | D:13     | Reached XP level 15. HP: 42/85 MP: 10/24
 18171 | D:13     | Received a gift from Nemelex Xobeh
 18249 | D:13     | Found a gate to the Vaults.
 18254 | D:13     | Reached skill level 12 in Invocations
 18474 | D:13     | Received a gift from Nemelex Xobeh
 19148 | D:14     | Received a gift from Nemelex Xobeh
 19149 | D:14     | Reached ****** piety under Nemelex Xobeh
 19627 | D:14     | Received a gift from Nemelex Xobeh
 20040 | D:15     | Entered Level 15 of the Dungeon
 20083 | D:15     | Reached skill level 13 in Invocations
 20446 | D:15     | Identified a scroll of acquirement
 20537 | D:15     | Found a staircase to the Depths.
 20836 | D:15     | Received a gift from Nemelex Xobeh
 21186 | Lair:2   | Acquired the +2 hat "Wibupo" {rElec Str+3}
 21238 | Snake:1  | Entered Level 1 of the Snake Pit
 21315 | Snake:1  | Acquired the amulet "Qudghok" {Reflect Int+2 Dex+3 SH+5}
 21396 | Snake:1  | Received a gift from Nemelex Xobeh
 21767 | Snake:1  | Reached XP level 16. HP: 73/91 MP: 27/27
 21815 | Snake:1  | Received a gift from Nemelex Xobeh
 21835 | Snake:1  | Identified the +1 ring mail "Oprem" {Harm rCorr}
 22410 | Snake:2  | Reached skill level 10 in Shields
 22516 | Snake:2  | Received a gift from Nemelex Xobeh
 22780 | Snake:2  | Noticed a nagaraja
 22782 | Snake:2  | Identified the +0 robe "Obor" {Str+7 Int-3}
 22786 | Snake:2  | Killed a nagaraja
 22787 | Snake:2  | Reached skill level 14 in Invocations
 23511 | Snake:3  | Received a gift from Nemelex Xobeh
 23701 | Snake:3  | Noticed a nagaraja
 23713 | Snake:3  | Killed a nagaraja
 23757 | Snake:3  | Identified the +1 leather armour of Indemnity {rElec}
 23908 | Snake:3  | Found Zinavufu's Jewellery Shoppe.
 24361 | Snake:3  | Received a gift from Nemelex Xobeh
 24475 | Snake:4  | Entered Level 4 of the Snake Pit
 24554 | Snake:4  | Reached skill level 15 in Invocations
 24702 | Snake:4  | Found Feuzis's Jewellery Boutique.
 24703 | Snake:4  | Found Afawaom Worgh's Book Emporium.
 24704 | Snake:4  | Found Jiasovat's Jewellery Boutique.
 24714 | Snake:4  | Bought the ring "Nogiecro" {Wiz +Blink rC++ MP+9 Dex-3} for
                  | 1185 gold pieces
 24783 | Snake:4  | Reached XP level 17. HP: 96/96 MP: 29/29
 24877 | Snake:4  | Reached skill level 10 in Armour
 24887 | Snake:4  | Noticed Kirke
 24899 | Snake:4  | Killed Kirke
 25772 | Snake:4  | Got a serpentine rune of Zot
 25846 | Snake:4  | Received a gift from Nemelex Xobeh
 25941 | Snake:4  | Noticed Saint Roka
 25975 | Snake:4  | Killed Saint Roka
 26763 | Vaults:1 | Entered Level 1 of the Vaults
 26831 | D:13     | Reached skill level 16 in Invocations
 26872 | Vaults:1 | Received a gift from Nemelex Xobeh
 26987 | Vaults:1 | a stone giant changed into a quicksilver dragon
 26987 | Vaults:1 | Noticed a quicksilver dragon
 26988 | Vaults:1 | Killed a quicksilver dragon
 27350 | Vaults:1 | Found a portal to a secret trove of treasure.
 27457 | Vaults:1 | Identified the +2 chain mail of Ru's Displeasure {Will+++
                  | rCorr Dex-4}
 27540 | Vaults:1 | Found Jookoijoso's Antique Armour Shop.
 27602 | Vaults:1 | Reached XP level 18. HP: 35/102 MP: 31/31
 27821 | Vaults:1 | Received a gift from Nemelex Xobeh
 28684 | Snake:4  | Bought the necklace of Bloodlust {Fury *Rage Will++ Int-3
                  | Slay+6} for 770 gold pieces
 28684 | Snake:4  | Found the necklace of Bloodlust {Fury *Rage Will++ Int-3
                  | Slay+6}
 28820 | Shoals:1 | Entered Level 1 of the Shoals
 28964 | Shoals:1 | Found a runed translucent gate.
 28964 | Shoals:1 | Found a runed translucent gate.
 28978 | Shoals:1 | Found a runed translucent gate.
 29002 | Shoals:1 | Noticed Fonana's ghost (journeyman DgHu)
 29032 | Shoals:1 | Killed Fonana's ghost
 29889 | Shoals:2 | Received a gift from Nemelex Xobeh
 29986 | Shoals:2 | Reached skill level 17 in Invocations
 30165 | Shoals:2 | Identified the +4 ring mail of the Valley of Death {rElec
                  | Regen+}
 30483 | Shoals:3 | Noticed Ilsuiw
 30491 | Shoals:3 | Identified the +0 long sword of the Past {heavy, rC+ rN+}
 30526 | Shoals:3 | Killed Ilsuiw
 31058 | Shoals:4 | Entered Level 4 of the Shoals
 31116 | Shoals:4 | Noticed Mara
 31156 | Shoals:3 | Reached XP level 19. HP: 107/107 MP: 32/32
 31157 | Shoals:3 | Reached skill level 15 in Shields
 31157 | Shoals:3 | Reached XP level 20. HP: 112/112 MP: 33/33
 31193 | Shoals:4 | Killed Mara
 31409 | Shoals:4 | Reached skill level 15 in Fighting
 31603 | Shoals:3 | Identified the +8 rapier of the Iron City of Dis {heavy,
                  | rN+ Stlth+}
 31817 | Shoals:4 | Received a gift from Nemelex Xobeh
 31896 | Shoals:4 | Reached XP level 21. HP: 117/117 MP: 23/34
 31899 | Shoals:4 | Identified the +6 dagger "Giufrem" {freeze, rElec Will+
                  | Int+2 Dex-5}
 32457 | Shoals:4 | Got a barnacled rune of Zot
 32869 | Elf:1    | Entered Level 1 of the Elven Halls
 32908 | Elf:1    | Reached skill level 18 in Invocations
 32934 | Elf:1    | Found Neqeolan's Distillery.
 32964 | Elf:1    | Received a gift from Nemelex Xobeh
 32985 | Elf:1    | Found Baosueni's Book Shop.
 32998 | Elf:1    | Found Ylost's Book Shop.
 33062 | Elf:1    | Found a shimmering blue altar of Sif Muna.
 33192 | Elf:1    | You fall into a shaft and drop 1 floor!
 33338 | Elf:2    | Found a runed translucent gate.
 33338 | Elf:2    | Found a runed translucent gate.
 33338 | Elf:2    | Found a runed translucent gate.
 33468 | Elf:2    | Received a gift from Nemelex Xobeh
 33764 | Elf:2    | Found Jiussoag's Assorted Antiques.
 33766 | Elf:2    | Found Wary's General Store.
 33766 | Elf:2    | Found Keskecli's General Store.
 33771 | Elf:2    | Found Waas Onu's Jewellery Boutique.
 33774 | Elf:2    | Bought the +1 cloak of Starlight {*Dazzle EV+4 Stlth--} for
                  | 366 gold pieces
 33774 | Elf:2    | Found the +1 cloak of Starlight {*Dazzle EV+4 Stlth--}
 34355 | Elf:1    | Received a gift from Nemelex Xobeh
 34385 | Elf:1    | Found Wooqelil's Assorted Antiques.
 34553 | Elf:3    | Entered Level 3 of the Elven Halls
 34631 | Elf:3    | Found Sioh's Antique Weapon Boutique.
 34692 | Elf:3    | Found Tuaps's Jewellery Emporium.
 34954 | Elf:3    | Received a gift from Nemelex Xobeh
 35264 | Elf:3    | Reached skill level 19 in Invocations
 35452 | Elf:3    | Found Sioh's Antique Weapon Boutique.
 35957 | Elf:3    | Reached XP level 22. HP: 123/123 MP: 36/36
 36131 | Elf:3    | Found Sioh's Antique Weapon Boutique.
 36664 | Elf:3    | Identified the +1 trident "Veramahi" {antimagic, rCorr}
 36838 | Elf:3    | Got the Quarto of Reformed Terra Firma
 36845 | Elf:3    | Got the Compilation of Electrocution and the Inferno
 36846 | Elf:3    | Identified the +4 long sword "Killer Bee's Death" {protect,
                  | *Slow rCorr Int+5 SInv}
 36851 | Elf:3    | Got the Folio of the Sixfirhy
 36926 | Elf:3    | Identified the +0 spear of Ohestrumm {speed, rC- Int+7 SInv
                  | Stlth+}
 36927 | Elf:3    | Identified the +0 sling of Okawaru {drain, Will++}
 37315 | Elf:2    | Bought the ring "Kies" {rC++ rN++ Will+ Str+6} for 995 gold
                  | pieces
 37319 | Elf:2    | Acquired 1111 gold pieces
 37604 | Vaults:2 | Found a staircase to the Crypt.
 37610 | Vaults:2 | Reached skill level 1 in Dodging
 37819 | Vaults:2 | Found the +8 trishula "Condemnation" {holy, anguish, *Noise
                  | Fly rN+}
 37832 | Vaults:2 | Received a gift from Nemelex Xobeh
 37986 | Vaults:2 | Found Geguhaeh's Magic Scroll Boutique.
 37994 | Vaults:2 | Bought a scroll of acquirement for 1092 gold pieces
 37994 | Vaults:2 | Bought a scroll of fear for 84 gold pieces
 37994 | Vaults:2 | Bought a scroll of blinking for 157 gold pieces
 37994 | Vaults:2 | Bought a scroll of magic mapping for 157 gold pieces
 37994 | Vaults:2 | Acquired 665 gold pieces
 38410 | Vaults:2 | Received a gift from Nemelex Xobeh
 38630 | Vaults:2 | Found a transporter.
 38649 | Vaults:2 | Found a transporter.
 39001 | Vaults:2 | Reached skill level 5 in Dodging
 39048 | Vaults:2 | Identified the ring of Lyehue {Wiz Drain +Blink rF+++
                  | Stlth+}
 39210 | Vaults:3 | Reached skill level 20 in Invocations
 39550 | Vaults:3 | Reached XP level 23. HP: 130/130 MP: 38/38
 39600 | Vaults:3 | Received a gift from Nemelex Xobeh
 40274 | Vaults:3 | Identified the +4 flail of Pride {vamp, rF+ rN+ Will+ Str-2
                  | Int+4}
 40500 | Vaults:4 | Received a gift from Nemelex Xobeh
 40790 | Vaults:4 | Received a gift from Nemelex Xobeh
 41115 | Vaults:4 | Received a gift from Nemelex Xobeh
 41332 | Vaults:5 | Entered Level 5 of the Vaults
 41335 | Vaults:5 | a titan changed into a juggernaut
 41335 | Vaults:5 | Noticed a juggernaut
 41337 | Vaults:5 | Noticed a golden dragon
 41351 | Vaults:5 | Killed a juggernaut
 41383 | Vaults:5 | Killed a golden dragon
 41397 | Vaults:5 | Noticed Boris
 41412 | Vaults:5 | Identified the ring of Gausofon {rElec rPois Will- rCorr
                  | Int+4}
 41418 | Vaults:5 | Noticed a dread lich
 41436 | Vaults:5 | Killed a dread lich
 41442 | Vaults:5 | Blown up by Boris

Illustrated notes

Levels and vault maps discovered:
D:1:      minmay_arrival_cross, layout_basic, ebering_dispersal_statue_hall,
          minmay_misc_feat_four_crosses, chequers_serial_rivers_micro_b,
          nicolae_concentric_dashed_squares_wild, bh_walls_and_bars
D:2:      layout_basic, hangedman_abyss_or_decor_stabs
D:3:      layout_basic, shapermc_ecumenical_altar_acropolis, serial_bayou,
          serial_bayou_lagoon_b, serial_bayou_pond_b, serial_bayou_lagoon_a,
          serial_bayou_crossing, st_stairs_14, kennysheep_minor_cross
D:4:      layout_basic
D:5:      layout_loops_ring
D:6:      layout_layer_cave
D:7:      layout_basic, mainiacjoe_overflow_divided_tiny,
          minmay_temple_entry_crystal_x, amcnicky_mini_corridor_feature
D:8:      kennysheep_ambush_hall, layout_rooms, general_overflow_altar,
          erik_lair_island, nicolae_figureground_pulse
D:9:      layout_cave_pools, hiddenorc1_lemuel
D:10:     layout_loops_cross, nicolae_hepliaklqana_hazy_memory,
          pdpol_wu_jian_five_deadly_venoms
D:11:     layout_layer_cave, kennysheep_kite_vault, uniq_erica
D:12:     layout_big_octagon, ebering_ghost_inner_flame, minivault_11
D:13:     layout_small_grid, erik_vaults_2, serial_rivers,
          chequers_serial_rivers_small_b, chequers_serial_rivers_small_3,
          chequers_serial_rivers_small_3, chequers_serial_rivers_micro_a,
          chequers_serial_rivers_room_a, chequers_serial_rivers_marsh
D:14:     layout_gridville, nicolae_concentric_dashed_squares_mild
D:15:     grunt_enter_depths_snipers, layout_loops_cross
Temple:   sentei_temple_godly_chess
Lair:1:   layout_layer_cave
Lair:2:   cheibrodos_lair_river_kwai, layout_gridlike, minmay_shoals_entry_hut,
          serial_bayou_shore_a
Lair:3:   layout_hall_layers, minmay_snake_entry_six_corridors,
          serial_bayou_pond_a, chequers_serial_rivers_large_a
Lair:4:   layout_regular_city, ebering_ghost_rock_garden,
          nicolae_lair_lakeside_cave
Lair:5:   gammafunk_lair_ancient_temple, layout_big_grid,
          minmay_slime_entry_oklob_enclosed, nicolae_lair_grazing_beasts
          [nicolae_sub_lair_graze_edge, nicolae_sub_lair_graze_edge,
          nicolae_sub_lair_graze_edge, nicolae_sub_lair_graze_edge]
Shoals:1: layout_shoals, gammafunk_ghost_necromancy, overgrown_tower
Shoals:2: layout_shoals, nicolae_shoals_flooded_hall
Shoals:3: layout_shoals, nicolae_shoals_hidden_pirate_stash, uniq_ilsuiw
Shoals:4: shoals_end_grunt_ice, layout_shoals, nicolae_shoals_wave_tunnel,
          uniq_mara
Snake:1:  layout_grid_maze, grunt_ministairs_6, serial_bayou_shore_b
Snake:2:  layout_onion_interference
Snake:3:  hangedman_cross_stitches, layout_concentric_octagons, serial_shops,
          nicolae_stop_n_shop_2
Snake:4:  minmay_snake_end_coiled, layout_layer_cave, guppyfry_library_mini,
          grunt_megastairs_5, minmay_shop_grove, uniq_saint_roka, uniq_kirke
Orc:1:    layout_caves, basic_altar
Orc:2:    kennysheep_orc_mage_school, layout_diamond_mine
Elf:1:    elf_arrival_001, layout_rooms, serial_shops,
          nicolae_shop_behind_doors, nicolae_take_the_stairs,
          nicolae_square_shop, nicolae_shop_overgrown_old_shop,
          minmay_elf_crystal_heptagon, lemuel_statue_altar
Elf:2:    elven_hall_of_blades_hangedman_original
          [infiniplex_blade_entry_pillars], layout_gridlike, minmay_shoptagon
Elf:3:    minmay_elf_hall_hex, layout_loops_cross, serial_shops, shop, shop,
          grunt_ministairs_5
Vaults:1: nicolae_vaults_network_square, grunt_vaults_diagonal, v_misc_9,
          v_misc_11, st_cross, ontoclasm_vaults_spin, grunt_vaults_hallway_long,
          nicolae_vaults_asterisk, v_pattern_3, v_misc_9, vaults_mumra_lcd,
          v_misc_22, ontoclasm_vaults_loading_screen,
          ontoclasm_vaults_misaligned, nicolae_vaults_little_squares_4,
          ontoclasm_vaults_decontamination, vaults_room_hallway,
          layout_vaults_ring, enter_trove_2, serial_shops, shop
Vaults:2: ontoclasm_vaults_idyll, minmay_crypt_entry_simple_plaza,
          gammafunk_the_bubble [the_bubble_gammafunk_crates], v_misc_31,
          vaults_room_fours, ontoclasm_vaults_eye, vaults_mumra_hexcomb,
          v_misc_19, layout_vaults_omnigrid, serial_shops, shop_fountains
Vaults:3: ontoclasm_vaults_loading_screen, hangedman_vaults_hat,
          nicolae_vaults_statue_guard, nicolae_vaults_inception_scallops,
          v_misc_1, v_pattern_4, vaults_mumra_minichess, ontoclasm_vaults_chip,
          v_misc_29, layout_vaults_omnibox
Vaults:4: nicolae_vaults_back_hallway, vaults_room_pool, v_misc_3,
          nicolae_vaults_inception_corners, v_rooms_6,
          nicolae_vaults_network_periphery, vaults_dpeg_hooks,
          hangedman_vaults_slice, layout_vaults_omnicross
Vaults:5: uniq_boris

Skill      XL: |  1  2  3  4  5  6  7  8  9 10 11 12 13 14 15 16 17 18 19 20 21 22 23 |
---------------+----------------------------------------------------------------------+-----
Stealth        | 1 2 3 4 |  4.0
Fighting       | 3 4 5 6 7 8 11 12 13 14 15 16 17 | 17.4
Shields        | 3 4 5 6 7 8 9 11 13 14 15 17 18 | 18.8
Armour         | 3 4 5 6 7 8 9 10 11 12 13 | 13.3
Maces & Flails | 1 2 3 4 6 8 10 12 | 12.0
Invocations    | 3 6 7 10 11 13 15 16 17 19 20 | 20.8
Evocations     | 3 5 6 |  6.0
Dodging        | 6 9 |  9.8
Unarmed Combat | |  2.8

Action                     |  1- 3 |  4- 6 |  7- 9 | 10-12 | 13-15 | 16-18 | 19-21 | 22-24 || total
---------------------------+-------+-------+-------+-------+-------+-------+-------+-------++-------
  Melee: Unarmed           |   122 |       |       |       |       |       |       |       ||   122
         Bite              |    32 |    27 |    91 |   153 |   386 |   493 |   240 |   403 ||  1825
         Whip              |    17 |   120 |   318 |   406 |   947 |  1037 |    10 |       ||  2855
         Punch             |       |       |       |       |     6 |       |       |       ||     6
         Demon whip        |       |       |       |       |       |       |   593 |   775 ||  1368
  Throw: Throwing net      |       |     1 |       |       |       |       |       |       ||     1
         Dart              |       |       |     7 |    30 |     8 |       |       |       ||    45
 Invoke: Draw Destruction  |       |       |       |    17 |    16 |    25 |     5 |     9 ||    72
         Draw Summoning    |       |       |       |     6 |     7 |     6 |       |     3 ||    22
         Draw Escape       |       |       |       |     5 |     6 |     4 |       |     1 ||    16
         Deal Four         |       |       |       |     1 |     1 |     8 |       |    10 ||    20
         Stack Five        |       |       |       |       |     1 |       |       |     1 ||     2
         Triple Draw       |       |       |       |       |       |     5 |       |     2 ||     7
         Draw Stack        |       |       |       |       |       |     2 |     2 |     3 ||     7
Ability: Evoke Blink       |       |       |       |       |       |     1 |       |       ||     1
  Evoke: Wand              |       |       |     3 |     1 |     2 |       |     4 |     1 ||    11
         Condenser vane    |       |       |       |       |     3 |     1 |       |     1 ||     5
    Use: Scroll            |       |       |     5 |     8 |     8 |    12 |     2 |    10 ||    45
         Potion            |       |       |       |     1 |       |     3 |     1 |     1 ||     6
   Stab: Held in net/web   |       |     1 |       |       |       |       |       |       ||     1
         Paralysed         |       |       |     4 |       |       |       |       |       ||     4
         Distracted        |       |       |     1 |     3 |       |     1 |       |     2 ||     7
         Confused          |       |       |       |       |     2 |       |       |       ||     2
         Petrified         |       |       |       |       |       |     5 |       |       ||     5
         Invisible         |       |       |       |       |       |       |       |     7 ||     7
 Armour: Scale mail        |    57 |    56 |   140 |    53 |       |       |       |       ||   306
         Chain mail        |       |       |       |   133 |   405 |   424 |   164 |   278 ||  1404
  Dodge: Dodged            |    51 |    53 |   139 |   268 |   178 |   127 |    76 |   298 ||  1190
  Block: Buckler           |    26 |    27 |    84 |   102 |       |       |       |       ||   239
         Kite shield       |       |       |       |    51 |   342 |   549 |       |       ||   942
         Reflection        |       |       |       |       |     6 |    92 |    47 |    42 ||   187
         Tower shield      |       |       |       |       |       |   307 |   499 |   815 ||  1621

Table legend: (Time is in decaauts)
 A = Elapsed time spent in this place.
 B = Non-inter-level travel time spent in this place.
 C = Inter-level travel time spent in this place.
 D = Time resting spent in this place.
 E = Time spent auto-exploring this place.
 F = Levels seen in this place.
 G = Mean time per level.
                   A        B        C        D        E       F      G
               +--------+--------+--------+--------+--------+-----+--------+
         Total |  41521 |  38188 |   3333 |   2226 |  27106 |  39 | 1064.6 |
       Dungeon |  14036 |  12870 |   1166 |    199 |   9894 |  15 |  935.7 |
        Temple |     14 |      8 |      6 |      0 |      0 |   1 |   14.0 |
          Lair |   6003 |   5468 |    535 |    182 |   4086 |   5 | 1200.6 |
        Shoals |   4589 |   4435 |    154 |    842 |   2331 |   4 | 1147.2 |
     Snake Pit |   5334 |   4956 |    378 |    254 |   3484 |   4 | 1333.5 |
  Orcish Mines |   1688 |   1309 |    379 |      0 |   1022 |   2 |  844.0 |
   Elven Halls |   4669 |   4376 |    293 |    721 |   2677 |   3 | 1556.3 |
        Vaults |   5184 |   4764 |    420 |     25 |   3610 |   5 | 1036.8 |
               +--------+--------+--------+--------+--------+-----+--------+

Top non-repeatable levels by time:
   Elf:3: 2824 daAuts
 Snake:4: 2008 daAuts
Shoals:4: 1794 daAuts
Vaults:1: 1547 daAuts
Vaults:2: 1507 daAuts
  Lair:1: 1395 daAuts
  Lair:5: 1309 daAuts
 Snake:2: 1291 daAuts
     D:6: 1205 daAuts
  Lair:2: 1193 daAuts
     D:8: 1183 daAuts
     D:3: 1173 daAuts
  Lair:4: 1164 daAuts
   Orc:2: 1147 daAuts
    D:13: 1125 daAuts
